 Dungeon Crawl Stone Soup version 0.21-a0-552-g593960d (webtiles) character file.

6315 Ezendos the Grappler (level 10, -10/83 HPs)
             Began as a Grey Draconian Gladiator on Dec 17, 2017.
             Was a Believer of Wu Jian.
             Mangled by a troll (12 damage)
             ... on level 9 of the Dungeon.
             The game lasted 00:36:17 (8956 turns).

Ezendos the Grappler (Grey Draconian Gladiator)     Turns: 8956, Time: 00:36:18

Health: -10/83     AC: 15    Str: 24    XL:     10   Next: 64%
Magic:  10/10      EV: 15    Int:  9    God:    Wu Jian [**....]
Gold:   148        SH:  0    Dex: 11    Spells: 9/9 levels left

rFire    . . .     SeeInvis +     - Unarmed
rCold    . . .     Gourm    .   (no shield)
rNeg     . . .     Faith    .   (armour unavailable)
rPois    .         Spirit   .   a - +0 hat
rElec    .         Reflect  .   (no cloak)
rCorr    .         Harm     .   (no gloves)
MR       .....     Clarity  +   I - +0 pair of boots
Stlth    +.........             (no amulet)
HPRegen  0.23/turn              m - +5 ring of strength
MPRegen  0.12/turn              q - +2 ring of protection

@: no status effects
A: walk through water, unfitting armour, talons 1, see invisible, clarity,
clumsy 1, unbreathing, cold-blooded, AC +12
a: Renounce Religion


You were on level 9 of the Dungeon.
You worshipped Wu Jian.
Wu Jian was pleased with you.
You were hungry.

You visited 2 branches of the dungeon, and saw 12 of its levels.

You collected 446 gold pieces.
You spent 298 gold pieces at shops.

Inventory:

Missiles
 b - 3 throwing nets (quivered)
Armour
 a - a +0 hat (worn)
 I - a +0 pair of boots (worn)
Jewellery
 e - an uncursed ring of protection from cold
 g - an uncursed ring of positive energy
 m - a +5 ring of strength (left hand)
 n - a +3 ring of dexterity
 q - a +2 ring of protection (right hand)
 t - a +4 ring of strength
 G - an uncursed ring of poison resistance
Wands
 v - a wand of flame (23)
 y - a wand of random effects (53)
 F - a wand of paralysis (6)
Scrolls
 d - a scroll of enchant armour {unknown}
 h - 4 scrolls of remove curse
 j - a scroll of magic mapping
 o - 2 scrolls of fear
 r - a scroll of teleportation
 w - 5 scrolls of amnesia
 x - 2 scrolls of immolation {unknown}
 B - a scroll of random uselessness {unknown}
 C - a scroll of silence {unknown}
 E - a scroll of fog
Potions
 f - 5 potions of brilliance
 k - 4 potions of curing
 l - 3 potions of flight
 u - 3 potions of degeneration {unknown}
 A - a potion of ambrosia {unknown}
 D - a potion of haste {unknown}
Books
 H - a book of Callings

   Spells                             Type                      Level
   a - Summon Small Mammal            Summoning                    1
   b - Call Imp                       Summoning                    2
   c - Call Canine Familiar           Summoning                    3
   d - Summon Guardian Golem          Hexes/Summoning              3
   e - Summon Lightning Spire         Summoning/Air                4
   f - Summon Ice Beast               Ice/Summoning                4
Comestibles
 c - 5 bread rations
 i - 38 fruits
 p - 3 royal jellies
 z - 2 meat rations


   Skills:
 + Level 6.2 Fighting
 - Level 1.7 Throwing
 + Level 7.6 Dodging
 * Level 13.1 Unarmed Combat


You had 9 spell levels left.
You didn't know any spells.

Dungeon Overview and Level Annotations

Branches:
Dungeon (11/15)            Temple (1/1) D:5
   Lair: D:8-11         Orc: D:9-12

Altars:
Ashenzari
Cheibriados
Dithmenos
Elyvilon
Fedhas
Gozag
Hepliaklqana
Kikubaaqudgha
Makhleb
Nemelex Xobeh
Okawaru
Qazlal
Ru
Sif Muna
Trog
Uskayaw
Vehumet
Wu Jian
Xom
Yredelemnul
Zin
The Shining One

Shops:
D:5 =   D:8 [


Innate Abilities, Weirdness & Mutations

You can walk through water.
Your dull iron-grey scales are very hard. (AC +12)
You cannot fit into any form of body armour.
You can survive without breathing.
You are cold-blooded and may be slowed by cold attacks.
You have sharp toenails.
You have supernaturally acute eyesight. (SInv)
You possess an exceptional clarity of mind.
You are clumsy. (Dex -2)


Message History

You spin and attack the troll.
You hit the troll. Your punch misses the troll.
The troll is heavily wounded.
The troll closely misses you. The troll claws you. The troll barely misses you.
You put your feet on the rock wall.
Move against it again to jump.
You repeatedly attack the troll from above.
You punch the troll! You tail-slap the troll.
The troll is severely wounded.
You barely miss the troll.
Your tail-slap misses the troll.
The troll is severely wounded.
You punch the troll!
Your tail-slap misses the troll.
The troll is almost dead.
The troll bites you. The troll claws you but does no damage.
The troll claws you!
* * * LOW HITPOINT WARNING * * *
The troll bites you!
* * * LOW HITPOINT WARNING * * *
The troll claws you.
* * * LOW HITPOINT WARNING * * *
The troll claws you!
You die...

..........#
.........#
##'####### #...#
#.## ## #..#### .#
##....# +###
#########§## ...#
#......§@T.# ...#
###......§§§.# ...#
#............#
...####.#..........#
...'....####.#######
...##### #.## ####
#..# .## ##.# .<###
#.#


You could see a troll (pinned).

Vanquished Creatures
  2 two-headed ogres
  A hippogriff (D:11)
  4 yaks (D:9)
  Duvessa (D:6)
  2 orc warriors (D:9)
  An ice beast (D:8)
  2 sky beasts (D:5)
  3 black bears
  2 phantoms
  2 ogres (D:8)
  A crocodile (D:7)
  2 big kobolds
  3 bullfrogs
  2 gnoll sergeants
  Dowan (D:6)
  3 scorpions
  A water moccasin skeleton (D:6)
  11 killer bees
  12 wights
  A centaur zombie (D:5)
  3 howler monkeys
  A bullfrog zombie (D:7)
  3 crimson imps (D:5)
  4 hounds
  2 jellies
  3 orc priests
  A gnoll shaman (D:5)
  7 orc wizards
  An iguana (D:7)
  Ijyb (D:4)
  Natasha (twice) (D:3)
  Terence (D:3)
  5 worker ants
  2 hound skeletons
  3 howler monkey skeletons
  10 adders
  10 gnolls
  A shadow imp (D:7)
  An ooze (D:3)
  2 adder zombies (D:5)
  An adder skeleton (D:5)
  4 worms
  2 dart slugs
  A leopard gecko (D:1)
  20 orcs
  7 giant cockroaches
  4 goblins (D:1)
  8 hobgoblins
  6 jackals (D:2)
  3 quokkas
  A ball python (D:6)
  A ball python skeleton (D:6)
  4 bats
  4 frilled lizards
  8 kobolds
  A quokka skeleton (D:4)
  6 rats
201 creatures vanquished.

Notes
Turn   | Place    | Note
-------+----------+-------------------------------------------
     0 | D:1      | Ezendos the Draconian Gladiator began the quest for the Orb.
     0 | D:1      | Reached XP level 1. HP: 17/17 MP: 1/1
   124 | D:1      | Reached XP level 2. HP: 25/25 MP: 2/2
   584 | D:2      | Reached XP level 3. HP: 27/30 MP: 3/3
   592 | D:2      | Noticed a scorpion
   864 | D:2      | Reached skill level 4 in Unarmed Combat
  1259 | D:3      | Gained mutation: You possess an exceptional clarity of mind. [potion of mutation]
  1259 | D:3      | Gained mutation: You are clumsy. (Dex -2) [potion of mutation]
  1259 | D:3      | Gained mutation: You have sharp toenails. [potion of mutation]
  1259 | D:3      | Gained mutation: You have supernaturally acute eyesight. (SInv) [potion of mutation]
  1272 | D:3      | Noticed Natasha
  1281 | D:3      | Killed Natasha
  1281 | D:3      | Reached XP level 4. HP: 38/38 MP: 4/4
  1945 | D:3      | Noticed Terence
  1953 | D:3      | Killed Terence
  1994 | D:3      | Noticed Natasha
  2003 | D:3      | Killed Natasha
  2003 | D:3      | Reached skill level 5 in Unarmed Combat
  2003 | D:3      | Reached XP level 5. HP: 37/46 MP: 5/5
  2765 | D:4      | Reached XP level 6. HP: 49/53 MP: 6/6
  2886 | D:4      | Reached skill level 6 in Unarmed Combat
  2978 | D:4      | Noticed Ijyb
  2992 | D:4      | Killed Ijyb
  3037 | D:5      | Entered Level 5 of the Dungeon
  3222 | D:5      | Found Jabbo's Jewellery Emporium.
  3344 | D:5      | Reached skill level 5 in Fighting
  3356 | D:5      | Found a white marble altar of Elyvilon.
  3370 | D:5      | Your scales start taking on a dull iron-grey colour.
  3370 | D:5      | Reached XP level 7. HP: 61/61 MP: 7/7
  3370 | D:5      | Gained mutation: You can survive without breathing. [Grey Draconian growth]
  3383 | D:5      | Found a staircase to the Ecumenical Temple.
  3400 | Temple   | Entered the Ecumenical Temple
  3510 | Temple   | Became a worshipper of the Wu Jian Council
  3637 | D:5      | Reached skill level 7 in Unarmed Combat
  4216 | D:5      | Reached skill level 8 in Unarmed Combat
  4282 | D:6      | Reached XP level 8. HP: 60/70 MP: 8/8
  4561 | D:6      | Noticed Duvessa
  4579 | D:6      | Noticed Dowan
  4586 | D:6      | Killed Duvessa
  4601 | D:6      | Killed Dowan
  4601 | D:6      | Reached * piety under Wu Jian
  4634 | D:6      | Reached skill level 9 in Unarmed Combat
  4908 | D:6      | Found a shadowy altar of Dithmenos.
  5258 | D:8      | Reached skill level 10 in Unarmed Combat
  5351 | D:8      | Noticed a two-headed ogre
  5384 | D:7      | Reached XP level 9. HP: 57/75 MP: 9/9
  5604 | D:7      | Reached skill level 5 in Dodging
  6345 | D:8      | Found a sacrificial altar of Ru.
  6437 | D:8      | Killed a two-headed ogre
  6437 | D:8      | Reached skill level 11 in Unarmed Combat
  6597 | D:8      | Found Efoubb's Armour Boutique.
  6859 | D:5      | Bought an uncursed ring of poison resistance for 240 gold pieces
  6988 | D:8      | Bought a +0 pair of boots for 58 gold pieces
  7424 | D:9      | Noticed a troll
  7497 | D:10     | Entered Level 10 of the Dungeon
  7541 | D:9      | Reached ** piety under Wu Jian
  7550 | D:9      | Reached XP level 10. HP: 73/83 MP: 10/10
  7606 | D:9      | Reached skill level 12 in Unarmed Combat
  7688 | D:9      | You fall through a shaft for 2 floors!
  7729 | D:11     | Noticed an unseen horror
  7750 | D:9      | Noticed a two-headed ogre
  7767 | D:9      | Killed a two-headed ogre
  8444 | D:9      | Reached skill level 13 in Unarmed Combat
  8956 | D:9      | HP: 2/83 [troll (6)]
  8956 | D:9      | Mangled by a troll

Vault maps used:
D:1:      dpeg_arrival_stone_temple_mockup, minmay_bisected
D:3:      first_bread, bh_chokoban, uniq_natasha, uniq_terence
D:4:      uniq_ijyb
D:5:      minmay_temple_entry_mist, serial_shops, nicolae_shop_crystal,
          elyvilon_altar_4
D:6:      supply_closet_lemuel, grunt_dithmenos_shadows, uniq_duvessa
D:8:      nicolae_ru_path_of_blood, serial_shops, nicolae_shop_waterfront,
          blue_anna_alchemist
D:9:      kennysheep_nub
D:10:     erik_lair_orcish_takeover, kennysheep_just_a_vault
Temple:   kilobyte_greek_temple

Skill      XL: |  1  2  3  4  5  6  7  8  9 10 |
---------------+-------------------------------+-----
Unarmed Combat | 4 5 6 8 10 11 13 | 13.1
Fighting       | 3 4 5 6 |  6.2
Dodging        | 4 6 7 |  7.6
Throwing       | |  1.7

Action                   |  1- 3 |  4- 6 |  7- 9 | 10-12 || total
-------------------------+-------+-------+-------+-------++-------
Melee: Unarmed           |   125 |   140 |   324 |   160 ||   749
       Tailslap          |    16 |    17 |    47 |    18 ||    98
       Kick              |       |    37 |    94 |       ||   131
       Punch             |       |     5 |    19 |     7 ||    31
Invok: Lunge             |       |       |    70 |    21 ||    91
       Whirlwind         |       |       |    37 |    36 ||    73
       Wall jump         |       |       |       |    29 ||    29
  Use: Scroll            |     6 |     2 |     2 |     1 ||    11
       Potion            |     2 |     3 |     4 |       ||     9
 Stab: Sleeping          |     2 |     1 |     1 |       ||     4
  Eat: Chunk             |     1 |     7 |     8 |     3 ||    19
       Fruit             |       |       |     2 |       ||     2
       Meat ration       |       |       |     1 |       ||     1
Armor: Skin              |    30 |    28 |    93 |    57 ||   208
Dodge: Dodged            |    70 |    70 |   134 |   100 ||   374

Table legend:
 A = Spawn XP
 B = Non-spawn XP
 C = Spawn XP percentage of total XP
 D = Spawn monster count
 E = Non-spawn monster count
 F = Spawn count percentage of total count
 G = Total turns spent on level
                    A         B        C        D         E        F      G
               +---------+---------+-------+---------+---------+-------+---------
         Total |       0 |    9022 |   0.0 |       0 |     201 |   0.0 |  8956
               +---------+---------+-------+---------+---------+-------+---------
           D:1 |       0 |      37 |   0.0 |       0 |      23 |   0.0 |   836
           D:2 |       0 |      54 |   0.0 |       0 |      19 |   0.0 |   628
           D:3 |       0 |     137 |   0.0 |       0 |      10 |   0.0 |  1025
           D:4 |       0 |     334 |   0.0 |       0 |      17 |   0.0 |   569
           D:5 |       0 |     830 |   0.0 |       0 |      26 |   0.0 |  1146
           D:6 |       0 |     692 |   0.0 |       0 |      17 |   0.0 |   674
           D:7 |       0 |    1482 |   0.0 |       0 |      29 |   0.0 |  1369
           D:8 |       0 |    1753 |   0.0 |       0 |      19 |   0.0 |  1147
           D:9 |       0 |    3429 |   0.0 |       0 |      40 |   0.0 |  1327
          D:11 |       0 |     274 |   0.0 |       0 |       1 |   0.0 |    42
               +---------+---------+-------+---------+---------+-------+---------
